Map: [ESL] Ancient Cistern

Players

gumiho - Winner!

  • Race: Terran Terran
  • Spawn Location: 1:00

PtitDrogo

  • Race: Protoss Protoss
  • Spawn Location: 7:00

Event: HomeStory Cup XXIII

VOD

Have the link to the VOD?

Description

Time

  • Played on: July 1, 2023, 7:41 a.m.
  • Length: 10:09

All games in this series

Show
View Real Time Build Order
Export as new Build Order

gumiho Terran - Winner!

Build Orders: Reaper Expand 

Get SALT Encoding   

  12  0:00  SCV  
  13  0:12  SCV  
  14  0:17  Supply Depot  
  14  0:24  SCV  
  15  0:38  SCV  
  15  0:40  Barracks  
  16  0:43  Refinery  
  16  0:50  SCV  
  17  1:02  SCV  
  18  1:14  SCV  
  19  1:26  Orbital Command, Reaper  
  20  1:39  Command Center  
  20  1:49  Supply Depot  
  20  1:52  SCV  
  21  1:58  Barracks Tech Lab  
  21  2:04  SCV  
  21  2:05  Barracks  
  22  2:16  SCV  
  22  2:17  Marauder  
  22  2:20  Stimpack  
  25  2:28  SCV  
  26  2:30  Engineering Bay  
  26  2:36  Refinery  
  26  2:39  Marauder  
  26  2:43  SCV  
  29  2:52  Orbital Command, Barracks Reactor  
  29  2:55  SCV  
  30  3:00  Marine  
  31  3:07  SCV  
  32  3:14  Barracks  
  32  3:15  Terran Infantry Weapons Level 1  
  32  3:17  SCV  
  32  3:19  SCV  
  34  3:20  Marine  
  35  3:29  SCV  
  35  3:31  SCV  
  35  3:33  Supply Depot  
  35  3:34  Marine x2  
  37  3:38  Marine  
  40  3:42  SCV  
  40  3:44  SCV  
  42  3:48  Missile Turret  
  42  3:52  Marine x2  
  42  3:54  SCV  
  43  3:56  Marine, SCV  
  43  3:57  Factory  
  45  4:06  SCV  
  45  4:08  SCV, Marine  
  45  4:09  Marine  
  48  4:13  Combat Shield  
  49  4:18  SCV  
  49  4:20  SCV  
  49  4:23  Supply Depot  
  49  4:25  Supply Depot  
  49  4:27  Barracks Tech Lab  
  49  4:28  Marine  
  49  4:30  SCV, Marine  
  52  4:32  SCV  
  52  4:38  Missile Turret  
  53  4:42  SCV  
  53  4:44  SCV  
  53  4:45  Marauder  
  56  4:48  Factory Reactor  
  56  4:49  Starport  
  56  4:50  Marauder  
  56  4:52  Concussive Shells  
  58  4:53  Marine x2  
  58  4:54  SCV  
  58  4:56  SCV  
  58  4:59  Supply Depot  
  62  5:00  Supply Depot  
  62  5:04  Refinery  
  62  5:06  SCV, Refinery  
  63  5:07  Marauder  
  63  5:11  SCV  
  63  5:12  Marauder, Marine x2  
  68  5:17  Terran Infantry Armor Level 1  
  68  5:21  SCV  
  68  5:23  SCV, Supply Depot  
  70  5:32  Medivac  
  70  5:33  Supply Depot  
  70  5:34  SCV  
  70  5:35  Marine x4, SCV  
  77  5:41  Medivac  
  80  5:46  SCV  
  80  5:47  SCV, Supply Depot  
  82  5:50  Supply Depot  
  82  5:52  Factory Reactor  
  82  6:01  Marine x3  
  82  6:02  Marine, Armory  
  86  6:11  Medivac  
  85  6:14  Medivac  
  87  6:22  Command Center  
  87  6:25  Marine x2  
  89  6:26  Marine  
  89  6:27  Marine  
  91  6:34  Widow Mine x2  
  95  6:41  Barracks  
  95  6:44  SCV x2  
  95  6:45  Barracks, Marine  
  95  6:46  Marine x3  
  101  6:53  Medivac x2  
  105  6:59  Widow Mine  
  107  7:04  Marauder x2  
  107  7:06  SCV  
  107  7:07  SCV  
  113  7:13  Terran Infantry Weapons Level 2, Engineering Bay  
  113  7:18  SCV  
  113  7:19  SCV  
  113  7:21  Marine x2  
  117  7:31  SCV  
  117  7:33  SCV, Marauder x2  
  117  7:34  Orbital Command  
  123  7:37  Supply Depot  
  123  7:47  SCV x2  
  129  7:51  Widow Mine x2  
  129  7:55  Marauder x2  
  122  7:59  SCV x2  
  122  8:02  Barracks Tech Lab  
  124  8:07  Barracks Reactor, Ghost Academy  
  124  8:08  Refinery  
  124  8:10  Refinery  
  124  8:11  Supply Depot  
  124  8:12  Marine x2, Supply Depot  
  122  8:14  Widow Mine, Supply Depot  
  122  8:16  Widow Mine, Marauder x2  
  130  8:21  Marauder  
  130  8:22  SCV  
  130  8:23  SCV x2  
  135  8:29  Missile Turret  
  135  8:34  SCV  
  135  8:35  SCV  
  135  8:36  SCV  
  135  8:37  Ghost  
  135  8:38  Marauder  
  135  8:39  Marine x2  
  144  8:42  Widow Mine, Ghost  
  144  8:44  Widow Mine  
  144  8:46  SCV  
  151  8:50  Supply Depot  
  151  8:54  Supply Depot  
  151  8:55  Supply Depot  
  151  8:57  SCV x2  
  151  8:58  SCV  
  151  9:00  Marine x2, Marauder  
  158  9:03  Widow Mine  
  158  9:06  Marauder  
  162  9:10  Ghost  
  164  9:21  Ghost  
  164  9:22  Command Center  
  166  9:26  Marine, Supply Depot  
  166  9:27  Ghost  
  166  9:39  Ghost  
  166  9:41  Marine x2  
  166  9:44  Marine  
  163  9:46  Widow Mine  
Show
View Real Time Build Order
Export as new Build Order

PtitDrogo Protoss 

Build Orders: 1 Gate Expand, Oracle Opening 

Get SALT Encoding   

  12  0:00  Probe  
  13  0:12  Probe  
  14  0:17  Pylon  
  14  0:24  Probe (Chrono Boost)  
  15  0:36  Probe (Chrono Boost)  
  15  0:37  Gateway  
  16  0:44  Probe (Chrono Boost)  
  16  0:45  Assimilator  
  17  0:51  Probe  
  18  1:03  Probe  
  19  1:15  Probe  
  20  1:24  Cybernetics Core  
  20  1:33  Nexus  
  20  1:38  Pylon  
  20  1:41  Probe  
  21  1:47  Assimilator  
  21  1:53  Probe  
  22  1:57  Adept (Chrono Boost)  
  24  2:05  Probe  
  25  2:17  Probe, Adept (Chrono Boost)  
  28  2:26  Stargate  
  29  2:30  Probe  
  29  2:42  Probe  
  30  2:44  Probe  
  30  2:46  Adept  
  30  2:47  Warp Gate  
  33  2:55  Probe  
  33  2:56  Probe  
  35  3:06  Oracle (Chrono Boost)  
  35  3:07  Probe  
  35  3:09  Probe, Gateway  
  40  3:16  Pylon  
  40  3:19  Probe  
  41  3:21  Probe  
  42  3:31  Probe  
  42  3:33  Probe, Oracle (Chrono Boost)  
  47  3:43  Probe  
  47  3:45  Probe  
  48  3:55  Probe  
  49  3:59  Nexus  
  49  4:01  Pylon  
  49  4:02  Probe  
  50  4:03  Oracle  
  50  4:07  Probe  
  54  4:19  Probe (Chrono Boost)  
  54  4:22  Probe (Chrono Boost)  
  55  4:25  Assimilator  
  55  4:27  Assimilator  
  55  4:28  Twilight Council  
  55  4:29  Forge  
  55  4:31  Probe (Chrono Boost)  
  56  4:34  Probe (Chrono Boost)  
  56  4:36  Sentry  
  56  4:38  Shield Battery  
  59  4:39  Probe (Chrono Boost)  
  59  4:40  Probe (Chrono Boost), Protoss Ground Weapons Level 1 (Chrono Boost)  
  59  4:45  Probe  
  60  4:48  Probe  
  60  4:52  Pylon  
  62  4:54  Shield Battery  
  62  4:57  Pylon  
  62  5:01  Blink (Chrono Boost)  
  62  5:10  Probe x2  
  64  5:16  Probe  
  64  5:17  Sentry  
  64  5:20  Gateway  
  67  5:22  Gateway  
  67  5:23  Probe x2  
  67  5:27  Sentry  
  67  5:28  Probe  
  72  5:33  Gateway x2  
  73  5:35  Probe  
  73  5:36  Probe  
  73  5:40  Probe  
  75  5:46  Pylon  
  75  5:47  Probe, Stalker  
  78  5:51  Gateway  
  78  5:54  Gateway  
  78  5:58  Probe  
  78  6:00  Shield Battery  
  78  6:01  Stalker  
  81  6:12  Stalker  
  81  6:16  Stalker x2  
  87  6:25  Probe x2  
  89  6:26  Pylon  
  89  6:29  Probe  
  89  6:30  Shield Battery  
  89  6:32  Stalker x3  
  96  6:39  Stalker x2  
  100  6:43  Photon Cannon  
  100  6:44  Probe, Pylon  
  101  6:52  Stalker x3  
  105  7:01  Stalker x2  
  105  7:04  Probe x2  
  105  7:06  Assimilator  
  105  7:07  Assimilator  
  111  7:09  Robotics Facility  
  111  7:10  Protoss Ground Weapons Level 2 (Chrono Boost)  
  111  7:14  Probe  
  112  7:16  Pylon, Charge  
  112  7:24  Probe  
  112  7:26  Pylon  
  112  7:28  Stalker x2  
  117  7:40  Stalker x4  
  120  7:45  Photon Cannon  
  120  7:50  Photon Cannon  
  119  7:58  Stalker x3  
  125  8:01  Stalker  
  127  8:07  Photon Cannon  
  127  8:11  Observer  
  128  8:24  Probe x2  
  128  8:27  Robotics Facility  
  130  8:29  Robotics Bay  
  130  8:30  Probe  
  131  8:36  Probe x2  
  133  8:44  Pylon  
  133  8:53  Pylon  
  133  8:55  Pylon  
  133  8:56  Pylon  
  133  8:59  Pylon  
  133  9:00  Probe x2  
  137  9:03  Immortal (Chrono Boost)  
  136  9:12  Stalker x6  
  146  9:18  Stalker  
  146  9:19  Stalker  
  146  9:40  Zealot  
  146  9:41  Zealot x4  
  128  9:47  Stalker x2  
  111  9:55  Zealot  
Tags
 
Add a new tag
Caveats
  • Supply blocks, unpowered buildings, or Contaminate may cause inaccurate times.
  • Supply counts are checked every 10 seconds.